 Dungeon Crawl Stone Soup version 0.23.2-30-g0e89c35649 (webtiles) character file.

Game seed: 11534080574134735361

83717 Rasgorn the Severer (level 15, -1/139 HPs)
             Began as a Minotaur Berserker on May 30, 2019.
             Was the Champion of Trog.
             Slain by a skeletal warrior
             ... wielding a cursed -3 halberd
             ... led by a skeletal warrior
              (17 damage)
             ... on level 14 of the Dungeon on June 9, 2019.
             The game lasted 05:36:00 (20155 turns).

Rasgorn the Severer (Minotaur Berserker)           Turns: 20155, Time: 05:36:01

Health: -1/139     AC: 19    Str: 27    XL:     15   Next: 33%
Magic:  0/4        EV: 17    Int:  4    God:    Trog [******]
Gold:   1494       SH:  0    Dex: 13    Spells: 14/14 levels left

rFire    + + .     SeeInvis +   a - +2 executioner's axe (antimagic)
rCold    + . .     Gourm    .   (shield currently unavailable)
rNeg     . . .     Faith    .   A - +1 plate armour {rF+}
rPois    +         Spirit   +   D - +0 hat
rElec    .         Reflect  .   C - scarf {Spirit}
rCorr    .         Harm     .   B - +0 pair of gloves
MR       +++..     Clarity  +   (no boots)
Stlth    ..........             e - amulet of the Queen {+Rage rPois rC+ Str+4 Dex-2}
HPRegen  1.73/turn              d - ring of see invisible
MPRegen  0.09/turn              c - +3 ring of evasion

@: berserk cooldown, regenerating, slowed, very slow
A: retaliatory headbutt, horns 2, clarity, fire resistance 1, low mp 1,
regeneration 1
a: Berserk, Trog's Hand, Brothers in Arms, Renounce Religion, Evoke Berserk Rage


You were on level 14 of the Dungeon.
You worshipped Trog.
Trog was exalted by your worship.
You were very hungry.

You visited 3 branches of the dungeon, and saw 22 of its levels.

You collected 2613 gold pieces.
You spent 1119 gold pieces at shops.

Inventory:

Hand Weapons
 a - a +2 antimagic executioner's axe (weapon)
 b - a +2 whip of flaming
 s - a +3 battleaxe of venom
Missiles
 k - 2 silver javelins (quivered)
 J - 7 javelins
Armour
 A - a +1 plate armour of fire resistance (worn)
 B - a +0 pair of gloves (worn)
 C - a scarf of spirit shield (worn)
 D - a +0 hat (worn)
 E - the +1 leather armour of the Crown {+Blink rF+ Stlth+}
   (You found it on level 13 of the Dungeon)

   It protects you from fire.
   It lets you blink.
   It makes you more stealthy.
Jewellery
 c - a +3 ring of evasion (right hand)
 d - a ring of see invisible (left hand)
 e - the amulet of the Queen (around neck) {+Rage rPois rC+ Str+4 Dex-2}
   (You found it on level 13 of the Dungeon)

   [amulet of rage]

   It affects your strength (+4).
   It affects your dexterity (-2).
   It protects you from cold.
   It protects you from poison.
   It lets you go berserk.
 f - an uncursed ring of ice
 g - an uncursed ring of protection from cold
 h - an uncursed ring of fire
 i - an uncursed ring of resist corrosion
 j - an uncursed ring of poison resistance
 q - an uncursed amulet of regeneration
Wands
 n - a wand of iceblast (15)
 y - a wand of flame (73)
 O - a wand of acid (16)
 P - a wand of paralysis (18)
 V - a wand of polymorph (7)
Scrolls
 m - 11 scrolls of remove curse
 o - 5 scrolls of magic mapping
 r - 5 scrolls of blinking
 v - 2 scrolls of silence
 w - 4 scrolls of teleportation
 x - a scroll of summoning
 F - a scroll of fear
 G - a scroll of acquirement
 H - a scroll of vulnerability
 Q - a scroll of immolation
 X - a scroll of fog {unknown}
Potions
 p - 2 potions of ambrosia
 z - a potion of heal wounds
 I - 3 potions of agility
 L - 2 potions of invisibility
 N - 7 potions of haste
 R - 5 potions of curing
 T - 3 potions of cancellation
 U - a potion of might
 W - 2 potions of resistance
Miscellaneous
 K - a lamp of fire (inert)
 S - a box of beasts
 Y - a phantom mirror
 Z - a fan of gales
Comestibles
 M - 31 rations


   Skills:
 + Level 14.7 Fighting
   Level 2.8 Short Blades
 + Level 20.3(20.6) Axes
 * Level 6.5(15.0) Maces & Flails
   Level 0.6 Bows
 + Level 2.7 Throwing
 + Level 14.6 Armour
 + Level 12.4 Dodging
 - Level 0.2 Stealth
 - Level 1.1 Unarmed Combat
 + Level 3.3 Evocations


You had 14 spell levels left.
You didn't know any spells.
Your spell library contained the following spells:

 Spells                   Type           Power        Failure   Level  Hunger
 Animate Skeleton         Necr           N/A          98%         1    ##.....
 Apportation              Tloc           #.....       98%         1    ##.....
 Confusing Touch          Hex            #.....       98%         1    ##.....
 Corona                   Hex            #......      98%         1    ##.....
 Magic Dart               Conj           #...         98%         1    ##.....
 Sandblast                Erth           #.....       98%         1    ##.....
 Sting                    Conj/Pois      #...         98%         1    ##.....
 Summon Small Mammal      Summ           #...         98%         1    ##.....
 Blink                    Tloc           N/A          99%         2    ###....
 Call Imp                 Summ           #.......     99%         2    ###....
 Ensorcelled Hibernation  Hex/Ice        #.....       99%         2    ###....
 Passwall                 Tmut/Erth      #.......     99%         2    ###....
 Poisonous Vapours        Pois/Air       #.....       99%         2    ###....
 Slow                     Hex            #.......     99%         2    ###....
 Swiftness                Chrm/Air       #.......     99%         2    ###....
 Confuse                  Hex            #.......     100%        3    ####...
 Conjure Flame            Conj/Fire      #.......     100%        3    ####...
 Dazzling Spray           Conj/Hex       #.....       100%        3    ####...
 Inner Flame              Hex/Fire       #.......     100%        3    ####...
 Mephitic Cloud           Conj/Pois/Air  #.......     100%        3    ####...
 Portal Projectile        Hex/Tloc       #.....       100%        3    ####...
 Stone Arrow              Conj/Erth      #.....       100%        3    ####...
 Tukima's Dance           Hex            #.......     100%        3    ####...
 Cause Fear               Hex            #.........   100%        4    #####..
 Leda's Liquefaction      Hex/Erth       #.........   100%        4    #####..
 Olgreb's Toxic Radiance  Pois           #.......     100%        4    #####..
 Passage of Golubria      Tloc           N/A          100%        4    #####..
 Petrify                  Tmut/Erth      #.......     100%        4    #####..
 Bolt of Magma            Conj/Fire/Erth #.........   100%        5    ######.
 Irradiate                Conj/Tmut      #.........   100%        5    ######.
 Iskenderun's Battlesphe  Conj/Chrm      #.......     100%        5    ######.
 Lee's Rapid Deconstruct  Erth           #.........   100%        5    ######.
 Venom Bolt               Conj/Pois      #.........   100%        5    ######.
 Darkness                 Hex            #.........   100%        6    #######
 Hydra Form               Tmut           #.........   100%        6    #######
 Invisibility             Hex            #.......     100%        6    #######
 Iron Shot                Conj/Erth      #.........   100%        6    #######
 Statue Form              Tmut/Erth      #........    100%        6    #######
 Dragon Form              Tmut           #.........   100%        7    #######
 Orb of Destruction       Conj           #.........   100%        7    #######
 Spellforged Servitor     Conj/Summ      #.........   100%        7    #######


Dungeon Overview and Level Annotations

Branches:
Dungeon (14/15)            Temple (0/1) D:6            Lair (6/6) D:11
  Swamp (0/4) Lair:2       Spider (0/4) Lair:2        Slime (0/5) Lair:5
    Orc (2/2) D:9             Elf (0/3) Orc:2
 Vaults: D:13-14

Altars:
Ashenzari
Cheibriados
Dithmenos
Elyvilon
Fedhas
Gozag
Hepliaklqana
Kikubaaqudgha
Makhleb
Okawaru
Ru
Trog
Wu Jian
Yredelemnul
Zin
The Shining One

Shops:
D:4 (!:   D:12 (   Orc:2 }!*}

Annotations:
D:12 1 runed translucent door, tropicdream's ghost, adept FoFi
Lair:6 3 runed translucent doors, larifari's ghost, master TrBe


Innate Abilities, Weirdness & Mutations

You reflexively headbutt those who attack you in melee.
You have a pair of horns on your head.
You possess an exceptional clarity of mind.
Your flesh is heat resistant. (rF+)
Your magical capacity is low. (-10% MP)
Your natural rate of healing is unusually fast.


Message History

The vampire knight hits you with a +0 long sword!!
* * * LOW HITPOINT WARNING * * *
The vampire knight bites you but does no damage.
The skeletal warrior hits you from afar with a cursed -3 halberd.
* * * LOW HITPOINT WARNING * * *
The skeletal warrior hits you from afar with a +0 halberd!
* * * LOW HITPOINT WARNING * * *
The vampire knight hits you with a +0 long sword!!
* * * LOW HITPOINT WARNING * * *
The vampire knight bites you but does no damage.
The skeletal warrior misses you.
You feel much better.
The vampire knight hits you but does no damage.
The vampire knight bites you but does no damage.
The skeletal warrior hits you from afar with a +0 halberd!
* * * LOW HITPOINT WARNING * * *
The vampire knight points at you and mumbles some strange words.
You resist with almost no effort.
The skeletal warrior hits you from afar with a cursed -3 halberd!
You die...

#≈≈≈≈.(.# #..# # #≈≈≈....#
#..##### +......(# #.......
+.......# # #....... +....(.(# .#
######## #≈≈≈...(# .# #
#≈≈≈≈...#########.# #
###≈≈≈≈.........V).# ###
..p≈≈≈≈.........@)z# #.(
...≈≈≈≈(.....#####zpzp.. #<.
..#≈≈≈.......# ##pp.. ###
###≈≈........# ###C... #
###..(.......######.##... #
.........(...........##.. #
....(..(.(............###########
..#################.)............
†.# #..............


You could see 4 vault guards, a vampire knight, an ettin and 3 skeletal
warriors.

Vanquished Creatures
  Frances (D:13)
  Gastronok (D:9)
  An ettin (Orc:2)
  An ogre mage (Orc:1)
  5 hydras
  3 vault guards (D:14)
  3 catoblepae (Lair:6)
  Harold (D:10)
  A centaur warrior (D:14)
  A rakshasa (D:14)
  6 two-headed ogres
  A tengu warrior (D:14)
  5 death yaks (Lair:6)
  Urug (Orc:1)
  3 skeletal warriors
  A wizard (D:14)
  3 unseen horrors
  An unseen horror (shapeshifter) (D:14)
  Pikel (D:9)
  3 orc knights
  2 deep elf magi
  10 ugly things
  4 manticores
  An elephant (D:11)
  4 cyclopes
  Maurice (D:8)
  A black mamba (Lair:5)
  Psyche (D:10)
  A gargoyle (D:13)
  15 spiny frogs
  A torpor snail (Lair:6)
  A rime drake (Lair:5)
  A freezing wraith (D:13)
  2 komodo dragons
  2 jumping spiders (Lair:2)
  3 trolls
  A queen bee (D:13)
  A polar bear (Lair:6)
  4 dream sheep (Lair:6)
  3 slime creatures (D:14)
  30 blink frogs
  4 bog bodies (Lair:2)
  6 hippogriffs
  3 shadows
  A redback (Lair:2)
  A vampire (D:12)
  2 wyverns
  Eustachio (D:4)
  2 vampire mosquitoes (D:13)
  A steam dragon (D:12)
  66 yaks
  A basilisk (shapeshifter) (D:13)
  A hungry ghost (D:11)
  A basilisk (D:11)
  A swamp worm (Lair:2)
  A soldier ant (D:13)
  4 wargs
  2 acid dragons
  14 water moccasins
  8 porcupines
  5 sky beasts
  38 orc warriors
  5 phantoms
  2 black bears
  2 eyes of draining (D:12)
  A hornet zombie (D:11)
  3 ice beasts
  4 slaves (D:9)
  10 wolves
  3 necrophages
  12 ogres
  15 centaurs
  A big kobold (D:7)
  9 crocodiles
  14 bullfrogs
  A water moccasin zombie (D:7)
  6 scorpions
  24 killer bees
  4 howler monkeys
  11 wights
  2 electric eels
  2 bullfrog zombies
  2 centaur zombies
  4 crimson imps
  A quasit (D:12)
  10 hounds
  4 jellies
  17 orc priests
  A bullfrog skeleton (D:6)
  6 centaur skeletons
  4 iguanas
  14 orc wizards
  8 worker ants
  A killer bee zombie (D:6)
  A hound zombie (D:7)
  A hound skeleton (D:6)
  A mummy (D:4)
  A howler monkey zombie (D:11)
  3 worker ant zombies
  3 gnolls (Orc:2)
  14 adders
  5 shadow imps
  7 oozes
  An adder zombie (D:7)
  2 adder skeletons
  2 worms (D:2)
  2 dart slugs
  2 leopard geckos (D:1)
  76 orcs
  7 giant cockroaches
  8 goblins
  13 hobgoblins
  11 jackals
  16 kobolds
  3 quokkas
  7 bats
  7 frilled lizards
  2 kobold zombies (D:4)
  A leopard gecko skeleton (D:4)
  A leopard gecko zombie (D:7)
  2 quokka skeletons
  A quokka zombie (D:6)
  7 rats
  A spectral orc (D:7)
  5 fungi
  7 plants
718 creatures vanquished.

Vanquished Creatures (others)
  A yak (Lair:5)
  2 centaurs (Orc:2)
  A crocodile (Lair:5)
  2 fungi (Lair:6)
  3 plants (Lair:6)
9 creatures vanquished.

Grand Total: 727 creatures vanquished

Notes
Turn   | Place    | Note
-------+----------+-------------------------------------------
     0 | D:1      | Rasgorn the Minotaur Berserker began the quest for the Orb.
     0 | D:1      | Reached XP level 1. HP: 19/19 MP: 0/0
    57 | D:1      | Reached XP level 2. HP: 11/27 MP: 1/1
   293 | D:1      | Reached skill level 4 in Axes
   485 | D:1      | Reached ** piety under Trog
   485 | D:1      | Reached XP level 3. HP: 34/34 MP: 2/2
  1132 | D:2      | Found a sacrificial altar of Ru.
  1622 | D:3      | Found a glowing silver altar of Zin.
  1654 | D:3      | Found a glowing golden altar of the Shining One.
  1670 | D:3      | Reached XP level 4. HP: 36/41 MP: 3/3
  1854 | D:3      | Reached *** piety under Trog
  1855 | D:3      | Reached skill level 5 in Axes
  2148 | D:4      | Reached XP level 5. HP: 43/47 MP: 4/4
  2170 | D:4      | Found Udiesoj's Book Shop.
  2171 | D:4      | Found Yxtuthri's Weapon Emporium.
  2173 | D:4      | Found Debem's Distillery.
  2206 | D:4      | Found a blossoming altar of Fedhas.
  2234 | D:4      | Reached skill level 5 in Fighting
  2234 | D:4      | Reached skill level 6 in Axes
  2249 | D:4      | Reached XP level 6. HP: 31/56 MP: 5/5
  2257 | D:4      | Bought a +0 war axe for 49 gold pieces
  2366 | D:4      | Noticed Eustachio
  2383 | D:4      | Killed Eustachio
  2383 | D:4      | Reached skill level 7 in Axes
  2444 | D:4      | Reached skill level 5 in Armour
  2470 | D:4      | Found a sand-covered staircase.
  2573 | D:4      | Reached XP level 7. HP: 51/61 MP: 6/6
  2862 | D:4      | Found a hazy altar of Hepliaklqana.
  3022 | D:5      | Entered Level 5 of the Dungeon
  3116 | D:5      | Found a shattered altar of Ashenzari.
  3138 | D:5      | Reached skill level 8 in Axes
  3426 | D:5      | Upgraded the game from 0.23.2-1-ga50397a6bc to
                  | 0.23.2-11-gf996548c65
  3426 | D:5      | Upgraded the game from 0.23.2-11-gf996548c65 to
                  | 0.23.2-30-g0e89c35649
  3637 | D:5      | Reached skill level 1 in Unarmed Combat
  3647 | D:5      | Reached XP level 8. HP: 37/70 MP: 7/7
  3757 | D:5      | Reached skill level 9 in Axes
  3991 | D:5      | Found an ancient bone altar of Kikubaaqudgha.
  3997 | D:5      | Found a burning altar of Makhleb.
  3998 | D:5      | Found an ornate altar of the Wu Jian Council.
  3999 | D:5      | Found a snail-covered altar of Cheibriados.
  4002 | D:5      | Found an opulent altar of Gozag.
  4077 | D:6      | Found a staircase to the Ecumenical Temple.
  4291 | D:6      | Reached **** piety under Trog
  4653 | D:6      | Reached skill level 10 in Axes
  4713 | D:6      | Reached XP level 9. HP: 61/78 MP: 8/8
  4796 | D:6      | Found a shadowy altar of Dithmenos.
  5180 | D:7      | Found a white marble altar of Elyvilon.
  5316 | D:7      | Found a basalt altar of Yredelemnul.
  5575 | D:7      | Reached skill level 11 in Axes
  5643 | D:7      | Reached ***** piety under Trog
  6228 | D:8      | Noticed Maurice
  6240 | D:8      | Killed Maurice
  6240 | D:8      | Reached skill level 12 in Axes
  6240 | D:8      | Reached skill level 5 in Dodging
  6441 | D:8      | Reached XP level 10. HP: 84/88 MP: 9/9
  6782 | D:9      | Noticed Gastronok
  6797 | D:9      | Noticed Pikel
  6803 | D:9      | Killed Gastronok
  6803 | D:9      | Reached skill level 13 in Axes
  6809 | D:9      | Killed Pikel
  6913 | D:9      | Reached skill level 14 in Axes
  7180 | D:9      | Found a staircase to the Orcish Mines.
  7213 | D:9      | Found a shadowy altar of Dithmenos.
  7521 | D:10     | Entered Level 10 of the Dungeon
  7570 | D:10     | Noticed Harold
  7582 | D:10     | Killed Harold
  7582 | D:10     | Reached XP level 11. HP: 91/97 MP: 3/10
  7723 | D:10     | You fall through a shaft!
  7845 | D:10     | Noticed Psyche
  7856 | D:10     | Killed Psyche
  7963 | D:10     | Reached skill level 15 in Axes
  7977 | D:10     | Received a gift from Trog
  8204 | D:11     | Killed an unseen horror
  8451 | D:11     | Noticed a two-headed ogre
  8460 | D:11     | Killed a two-headed ogre
  8460 | D:11     | Reached skill level 10 in Fighting
  8623 | D:11     | Noticed a red ugly thing
  8633 | D:11     | Killed a red ugly thing
  8645 | D:11     | Noticed a red ugly thing
  8659 | D:11     | Killed a red ugly thing
  8659 | D:11     | Reached skill level 10 in Armour
  8832 | D:11     | Found a staircase to the Lair.
  8994 | D:11     | Reached skill level 16 in Axes
  9201 | Lair:1   | Entered Level 1 of the Lair of Beasts
  9217 | Lair:1   | Reached ****** piety under Trog
  9380 | Lair:1   | Reached XP level 12. HP: 77/108 MP: 4/11
  9545 | Lair:1   | Got a smoking whip
  9744 | Lair:1   | Found a bloodstained altar of Trog.
 10046 | Lair:2   | Noticed a five-headed hydra
 10060 | Lair:2   | Killed an 11-headed hydra
 10432 | Lair:2   | Received a gift from Trog
 10545 | Lair:2   | Found a hole to the Spider Nest.
 10699 | Lair:2   | Reached skill level 17 in Axes
 10813 | Lair:2   | Received a gift from Trog
 10886 | Lair:2   | Found a staircase to the Swamp.
 11206 | Lair:3   | Received a gift from Trog
 11837 | Lair:3   | Gained mutation: Your magical capacity is low. (-10% MP)
                  | [potion of mutation]
 11837 | Lair:3   | Gained mutation: Your flesh is heat resistant. (rF+)
                  | [potion of mutation]
 11837 | Lair:3   | Gained mutation: You possess an exceptional clarity of
                  | mind. [potion of mutation]
 11837 | Lair:3   | Gained mutation: Your natural rate of healing is unusually
                  | fast. [potion of mutation]
 11954 | Lair:4   | Reached XP level 13. HP: 112/118 MP: 10/10
 12079 | Lair:4   | Reached skill level 18 in Axes
 13263 | Lair:5   | Found a staircase to the Slime Pits.
 13795 | Lair:6   | Entered Level 6 of the Lair of Beasts
 13805 | Lair:6   | Reached skill level 10 in Dodging
 13895 | Lair:6   | Received a gift from Trog
 13939 | Lair:6   | Found a runed translucent gate.
 13939 | Lair:6   | Found a runed translucent gate.
 13939 | Lair:6   | Found a runed translucent gate.
 14022 | Lair:6   | Reached skill level 19 in Axes
 14145 | Lair:6   | Found a blossoming altar of Fedhas.
 14404 | Lair:6   | Reached XP level 14. HP: 103/129 MP: 8/11
 14521 | Lair:6   | Got a transparent dagger
 14844 | Lair:6   | Noticed larifari's ghost (master TrBe)
 15259 | D:12     | Found a hazy altar of Hepliaklqana.
 15310 | D:12     | Received a gift from Trog
 15387 | D:12     | Found a runed translucent door.
 15397 | D:12     | Noticed tropicdream's ghost (adept FoFi)
 15603 | D:12     | Found Dahiaruo's Antique Weapon Shop.
 16059 | D:13     | Got a dazzling leather armour
 16070 | D:13     | Identified the +1 leather armour of the Crown {+Blink rF+
                  | Stlth+} (You found it on level 13 of the Dungeon)
 16331 | D:13     | Reached skill level 20 in Axes
 16353 | D:13     | Reached skill level 1 in Maces & Flails
 16402 | D:13     | Got a pitted short sword
 16404 | D:13     | Identified the +11 short sword of Calamity {venom, Fragile
                  | +Fly rC+ SInv} (You found it on level 13 of the Dungeon)
 16453 | D:13     | Reached skill level 1 in Short Blades
 16761 | D:13     | Reached skill level 1 in Evocations
 17109 | D:13     | Got a vibrating tin amulet
 17111 | D:13     | Identified the amulet of the Queen {+Rage rPois rC+ Str+4
                  | Dex-2} (You found it on level 13 of the Dungeon)
 17159 | D:13     | Noticed Frances
 17180 | D:13     | Killed Frances
 17471 | Orc:1    | Entered Level 1 of the Orcish Mines
 17517 | Orc:1    | Noticed Urug
 17530 | Orc:1    | Killed Urug
 17709 | Orc:1    | Received a gift from Trog
 18049 | Orc:2    | Entered Level 2 of the Orcish Mines
 18082 | Orc:2    | HP: 9/199 [orc warrior/bolt (10)]
 18270 | Orc:1    | Reached skill level 1 in Throwing
 18792 | Orc:2    | Found a staircase to the Elven Halls.
 18899 | Orc:2    | Reached skill level 5 in Maces & Flails
 18994 | Orc:2    | Found Tiadatib's Distillery.
 18994 | Orc:2    | Found Yceoroy's Assorted Antiques.
 18996 | Orc:2    | Found Omuaci's Gadget Shoppe.
 18998 | Orc:2    | Found Ahitym's Gadget Shop.
 19002 | Orc:2    | Bought a potion of heal wounds for 80 gold pieces
 19002 | Orc:2    | Bought a potion of heal wounds for 80 gold pieces
 19015 | Orc:2    | Bought a lamp of fire for 520 gold pieces
 19015 | Orc:2    | Bought a phantom mirror for 390 gold pieces
 19194 | D:14     | Reached XP level 15. HP: 92/139 MP: 1/14
 19302 | D:14     | Found an iron altar of Okawaru.
 19467 | D:14     | Received a gift from Trog
 19658 | D:14     | Identified a scroll of acquirement
 20154 | D:14     | HP: 2/139 [vampire knight/+0 long sword (18)]
 20155 | D:14     | Slain by a skeletal warrior

Skill      XL: |  1  2  3  4  5  6  7  8  9 10 11 12 13 14 15 |
---------------+----------------------------------------------+-----
Fighting       | 4 5 6 7 9 10 12 13 14 | 14.7
Axes           | 4 5 6 7 8 10 12 14 16 17 19 20 | 20.3
Armour         | 3 4 5 7 8 9 10 11 13 14 | 14.6
Unarmed Combat | 1 |  1.1
Dodging        | 4 5 6 7 9 11 12 | 12.4
Maces & Flails | 5 6 |  6.5
Short Blades   | 2 |  2.8
Evocations     | 2 3 |  3.3
Throwing       | 1 2 |  2.7
Bows           | |  0.6
Stealth        | |  0.2

Action                   |  1- 3 |  4- 6 |  7- 9 | 10-12 | 13-15 || total
-------------------------+-------+-------+-------+-------+-------++-------
Melee: Hand axe          |    94 |    48 |     4 |       |       ||   146
       Headbutt          |    12 |    18 |    57 |   124 |   212 ||   423
       Unarmed           |     3 |       |     8 |       |       ||    11
       War axe           |       |    30 |    57 |       |       ||    87
       Battleaxe         |       |       |   190 |   448 |   576 ||  1214
       Whip              |       |       |       |       |    35 ||    35
       Executioner's axe |       |       |       |       |   200 ||   200
       Short sword       |       |       |       |       |    35 ||    35
 Fire: Shortbow          |       |       |     1 |       |       ||     1
       Blowgun           |       |       |       |     2 |       ||     2
Invok: Berserk           |     1 |     3 |     1 |     3 |     9 ||    17
       Trog's Hand       |       |       |     1 |     4 |     8 ||    13
 Abil: Evoke Blink       |       |       |       |       |     1 ||     1
       Evoke Flight      |       |       |       |       |     1 ||     1
Evoke: Wand              |       |       |     2 |     2 |     1 ||     5
       Lamp of fire      |       |       |       |       |     1 ||     1
  Use: Scroll            |       |       |    17 |     5 |     6 ||    28
       Potion            |       |       |       |    11 |     9 ||    20
  Eat: Chunk             |     3 |     6 |    10 |    24 |    22 ||    65
       Ration            |       |       |     1 |       |     5 ||     6
Armor: Animal skin       |    11 |       |       |       |       ||    11
       Ring mail         |    16 |    39 |       |       |       ||    55
       Plate armour      |       |       |   162 |   240 |   361 ||   763
Dodge: Dodged            |    52 |    68 |   113 |   370 |   680 ||  1283
Block: Buckler           |       |       |     5 |       |       ||     5
